 Dungeon Crawl Stone Soup version 0.23.2-1-ga50397a6bc (webtiles) character file.

Game seed: 2993067943075469979

124 Anathary the Sneak (level 5, 0/26 HPs)
             Began as a Vine Stalker Assassin on May 28, 2019.
             Slain by a gnoll
             ... wielding a +0 whip
              (8 damage)
             ... on level 3 of the Dungeon.
             The game lasted 00:08:12 (1865 turns).

Anathary the Sneak (Vine Stalker Assassin)          Turns: 1865, Time: 00:08:13

Health: 0/26       AC:  3    Str: 14    XL:     5   Next: 8%
Magic:  0/6        EV: 12    Int: 11    God:
Gold:   142        SH:  0    Dex: 16    Spells: 4/4 levels left

rFire    . . .     SeeInvis .   a - +2 dagger
rCold    . . .     Gourm    .   (no shield)
rNeg     . . .     Faith    .   c - +0 robe
rPois    .         Spirit   +   (no helmet)
rElec    .         Reflect  .   d - +0 cloak
rCorr    .         Harm     .   (no gloves)
MR       .....                  (no boots)
Stlth    ++++......             (no amulet)
HPRegen  0.48/turn              (no ring)
MPRegen  0.10/turn              (no ring)

@: no status effects
A: fangs 2, regeneration 1, magic shield, antimagic bite, no potion heal 3, rot
immunity
a: no special abilities


You were on level 3 of the Dungeon.
You were not hungry.

You visited 1 branch of the dungeon, and saw 3 of its levels.

You collected 142 gold pieces.

Inventory:

Hand Weapons
 a - a +2 dagger (weapon)
 b - a +0 blowgun
Missiles
 e - 8 poisoned needles
 f - 2 curare-tipped needles
Armour
 c - a +0 robe (worn)
 d - a +0 cloak (worn)
Scrolls
 h - a scroll of immolation {unknown}
 j - a scroll of fog {unknown}
 k - 2 scrolls of remove curse {unknown}
 m - 2 scrolls of fear {unknown}
 o - a scroll of identify {unknown}
Potions
 i - 3 potions of lignification {unknown}
 l - a potion of degeneration {unknown}
 n - 2 potions of agility {unknown}
 p - a potion of invisibility {unknown}
 q - a potion of haste {unknown}
Comestibles
 g - 6 rations


   Skills:
 + Level 2.0 Fighting
 + Level 2.1 Short Blades
 + Level 1.9 Throwing
 + Level 1.2 Dodging
 * Level 7.2 Stealth


You had 4 spell levels left.
You didn't know any spells.
Your spell library was empty.

Dungeon Overview and Level Annotations

Branches:
Dungeon (3/15)

Altars:


Innate Abilities, Weirdness & Mutations

You have extremely sharp teeth.
Your natural rate of healing is unusually fast.
When hurt, damage is shared between your health and your magic reserves.
Your bite disrupts and absorbs the magic of your enemies.
Potions cannot restore your health.
You are immune to rotting.


Message History

You see here a +0 club.
You hit the gnoll.
The gnoll is moderately wounded.
The gnoll misses you. The gnoll closely misses you.
You hit the gnoll but do no damage. You bite the gnoll. You drain its power.
You feel invigorated.
The gnoll is heavily wounded.
The gnoll hits you with a +0 spear!
* * * LOW HITPOINT WARNING * * *
The gnoll hits you from afar with a +0 spear.
* * * LOW HITPOINT WARNING * * *
The gnoll closely misses you. The gnoll barely misses you.
You hit the gnoll. You bite the gnoll.
You kill the gnoll!
You have reached level 5!
You closely miss the gnoll. You hit the gnoll but do no damage.
You bite the gnoll, but do no damage. The gnoll hits you with a +0 whip!
You die...

.................
................
.#.....#######
#.....# #..####
#####.....#
.......#...#
############.....#
#....gg@........##
####.###.........#
# #........##
#........#
#........#
#........#
#........#
###.####.... #.#
####


You could see 2 gnolls.

Vanquished Creatures
  2 gnolls (D:3)
  4 adders (D:2)
  An ooze (D:1)
  2 worms (D:2)
  3 dart slugs
  4 leopard geckos
  A ball python (D:2)
  7 giant cockroaches (D:1)
  5 hobgoblins
  2 jackals (D:3)
  4 bats
  7 frilled lizards
  6 goblins
  2 kobolds
  5 rats
55 creatures vanquished.

Notes
Turn   | Place    | Note
-------+----------+-------------------------------------------
     0 | D:1      | Anathary the Vine Stalker Assassin began the quest for the
                  | Orb.
     0 | D:1      | Reached XP level 1. HP: 11/11 MP: 2/2
    55 | D:1      | Reached skill level 5 in Stealth
    74 | D:1      | Reached XP level 2. HP: 15/15 MP: 3/3
   524 | D:1      | Reached XP level 3. HP: 18/18 MP: 4/4
   543 | D:1      | Reached skill level 6 in Stealth
  1010 | D:2      | Reached skill level 1 in Dodging
  1117 | D:2      | Gained mutation: Your natural rate of healing is unusually
                  | fast. [Vine Stalker growth]
  1117 | D:2      | Reached XP level 4. HP: 23/23 MP: 5/5
  1773 | D:3      | Reached skill level 7 in Stealth
  1863 | D:3      | Reached XP level 5. HP: 6/26 MP: 1/6
  1865 | D:3      | Slain by a gnoll

Skill      XL: |  1  2  3  4 |
---------------+-------------+-----
Stealth        | 5 6 7 |  7.2
Dodging        | 1 |  1.2
Short Blades   | 2 |  2.1
Fighting       | 2 |  2.0
Throwing       | |  1.9

Action                   |  1- 3 |  4- 6 || total
-------------------------+-------+-------++-------
Melee: Dagger            |    73 |    57 ||   130
       Bite              |    17 |    13 ||    30
 Stab: Sleeping          |    14 |     9 ||    23
  Eat: Ration            |     1 |       ||     1
Armor: Robe              |    15 |    15 ||    30
Dodge: Dodged            |    32 |    39 ||    71
